 Dungeon Crawl Stone Soup version 0.31-a0-672-g7da72447bb (webtiles) character file.

Game seed: 737782506212115719

40 rvierbuc the Ducker (level 3, -2/28 HPs)
             Began as a Demonspawn Gladiator on Sept 5, 2023.
             Killed from afar by Sigmund (6 damage)
             ... with a puff of flame
             ... on level 2 of the Dungeon.
             The game lasted 00:04:23 (897 turns).

rvierbuc the Ducker (Demonspawn Gladiator)           Turns: 897, Time: 00:04:24

Health: -2/28      AC:  7    Str: 16    XL:     3   Next: 30%
Magic:  3/3        EV: 11    Int:  9    God:
Gold:   9          SH:  0    Dex: 14    Spells: 2/2 levels left

rFire   . . .        a - +0 quarterstaff
rCold   . . .        (shield currently unavailable)
rNeg    . . .        g - +0 ring mail
rPois   .            c - +0 helmet
rElec   .            (no cloak)
rCorr   .            (no gloves)
SInv    .            f - +0 pair of boots
Will    .....        (no amulet)
Stlth   +            (no ring)
HPRegen 0.24/turn    (no ring)
MPRegen 0.08/turn

%: no passive effects
@: no status effects
A: powered by death 1
a: no special abilities


You were on level 2 of the Dungeon.
You visited 1 branch of the dungeon, and saw 2 of its levels.

You collected 9 gold pieces.

Inventory:

Hand Weapons
 a - a +0 quarterstaff (weapon)
Missiles
 d - 3 throwing nets
 e - a javelin (quivered)
 h - 18 stones
Armour
 b - a +0 leather armour
 c - a +0 helmet (worn)
 f - a +0 pair of boots (worn)
 g - a +0 ring mail (worn)
Scrolls
 i - a scroll of summoning {unknown}


   Skills:
 + Level 2.5 Fighting
 + Level 3.1 Staves
 + Level 2.2 Throwing
 + Level 3.1 Dodging


You had 2 spell levels left.
You didn't know any spells.
Your spell library contained the following spells:

 Spells                   Type           Power      Damage    Failure   Level
 Portal Projectile        Hex/Tloc       0%         N/A       93%         3
 Tukima's Dance           Hex            0%         N/A       93%         3
 Iskenderun's Mystic Bla  Conj/Tloc      0%         2d3       100%        4


Dungeon Overview and Level Annotations

Branches:
Dungeon (2/15)

Altars:

Annotations:
D:2 Sigmund


Innate Abilities, Weirdness & Mutations

You regenerate a little health from kills.


Message History

A bat comes into view.
The bat completely misses you.
You hit the bat.
The bat is severely wounded.
The bat barely misses you. The bat closely misses you.
You miss the bat.
The bat is severely wounded.
The bat barely misses you. The bat hits you but does no damage.
You hit the bat.
You kill the bat!
You see here a +1 ring mail of willpower.
h - 18 stones (gained 7)
Found a dagger.
No target in view!
Sigmund the Dreaded comes into view.
He is wielding a +0 scythe and carrying a wand of flame.
Sigmund zaps a wand.
The puff of flame hits you!
Sigmund zaps a wand.
The puff of flame hits you!
Sigmund points at you and mumbles some strange words.
You are confused.
You bump into the rock wall.
Sigmund zaps a wand.
The puff of flame hits you!
* * * LOW HITPOINT WARNING * * *
You bump into the rock wall.
Sigmund zaps a wand.
The puff of flame hits you.
* * * LOW HITPOINT WARNING * * *
You bump into the rock wall.
Sigmund casts a spell at you.
You are more confused.
You bump into the rock wall.
You see here a +1 ring mail of willpower.
You're too confused to move!
You bump into the rock wall.
Sigmund casts a spell at you.
The magic dart hits you but does no damage.
You see here a +1 ring mail of willpower.
You bump into the rock wall.
You feel less confused. Sigmund casts a spell at you.
The puff of flame hits you.
You die...
Sigmund begins carving another notch in his scythe.

#..............#
#...##########.## ##.##
##...####### ##.##
#..........# ....#
#..#.#####.# ##..##
#.#.## #.# .....# #.###
##.#
##...#######.#######..#
##..............@.....#
.....##############.@##
##.#.# #..#
#.#†######## #..#
#.#....)...# #..#
#....#####.# #..#
####.# #@.# #.# #..#
#.# #..#


You could see Sigmund.

Vanquished Creatures
  2 worms (D:2)
  8 bats
  2 endoplasms
  A giant cockroach (D:1)
  3 goblins
  3 hobgoblins (D:1)
  2 jackals (D:1)
  A quokka (D:2)
  3 ball pythons (D:1)
  2 frilled lizards (D:1)
  4 kobolds
31 creatures vanquished.

Notes
Turn   | Place    | Note
-------+----------+-------------------------------------------
     0 | D:1      | rvierbuc the Demonspawn Gladiator began the quest for the
                  | Orb.
     0 | D:1      | Reached XP level 1. HP: 16/16 MP: 1/1
   170 | D:1      | Gained mutation: You regenerate a little health from kills.
                  | [demonic ancestry]
   170 | D:1      | Reached XP level 2. HP: 22/22 MP: 2/2
   727 | D:2      | Reached XP level 3. HP: 28/28 MP: 3/3
   881 | D:2      | Noticed Sigmund
   897 | D:2      | Killed from afar by Sigmund

Illustrated notes

Levels and vault maps discovered:
D:1:      dpeg_arrival_tiny_h, layout_loops_cross
D:2:      layout_loops_ring, chequers_serial_rivers_room_b, uniq_terence,
          uniq_sigmund

Skill      XL: |  1  2 |
---------------+-------+-----
Throwing       | 2 |  2.2
Staves         | 3 |  3.1
Dodging        | 3 |  3.1
Fighting       | |  2.5

Action                     || total
---------------------------++-------
  Melee: Quarterstaff      ||    98
  Throw: Javelin           ||     4
 Armour: Leather armour    ||    12
         Ring mail         ||    56
  Dodge: Dodged            ||    75

Table legend: (Time is in decaauts)
 A = Elapsed time spent in this place.
 B = Non-inter-level travel time spent in this place.
 C = Inter-level travel time spent in this place.
 D = Time resting spent in this place.
 E = Time spent auto-exploring this place.
 F = Levels seen in this place.
 G = Mean time per level.
                   A        B        C        D        E       F      G
               +--------+--------+--------+--------+--------+-----+--------+
         Total |    914 |    876 |     38 |      0 |    613 |   2 |  457.0 |
       Dungeon |    914 |    876 |     38 |      0 |    613 |   2 |  457.0 |
               +--------+--------+--------+--------+--------+-----+--------+

Top non-repeatable levels by time:
     D:1: 726 daAuts
     D:2: 187 daAuts
